 Dungeon Crawl Stone Soup version 0.29.0-4-gdea44cf6ec (webtiles) character file.

Game seed: 13502068578625130029

96 qw the Chopper (level 4, -3/26 HPs)
             Began as a Tengu Warper on Aug 28, 2022.
             Slain by Natasha (4 damage)
             ... on level 2 of the Dungeon.
             The game lasted 00:00:07 (1009 turns).

qw the Chopper (Tengu Warper)                       Turns: 1009, Time: 00:00:07

Health: -3/26      AC:  6    Str: 12    XL:     4   Next: 67%
Magic:  8/8        EV:  9    Int: 13    God:
Gold:   90         SH:  0    Dex: 13    Spells: 7/7 levels left

rFire   . . .      SeeInvis +   Y - +0 hand axe
rCold   . . .      Faith    .   (no shield)
rNeg    . . .      Spirit   .   f - +0 scale mail
rPois   .          Reflect  .   (helmet restricted)
rElec   .          Harm     .   (no cloak)
rCorr   .          Rampage  .   (no gloves)
Will    .....                   (boots unavailable)
Stlth   ..........              (no amulet)
HPRegen 0.08/turn               k - ring of see invisible
MPRegen 0.11/turn               (no ring)

@: slowed, very slow
A: beak, talons 3, claws 1, weak 1, evolution 1, MP-powered wands
a: no special abilities


You were on level 2 of the Dungeon.
You visited 1 branch of the dungeon, and saw 2 of its levels.

You collected 90 gold pieces.


Innate Abilities, Weirdness & Mutations

You have a beak for a mouth.
You have claws for feet.
You have sharp fingernails.
You are weak. (Str -2)
You have hidden genetic potential.
You expend magic power (3 MP) to strengthen your wands.


   Skills:
 - Level 2.0 Fighting
 + Level 5.2 Axes
 - Level 1.0 Throwing
 - Level 1.1 Armour
 - Level 2.1 Dodging
 - Level 2.0 Spellcasting
 - Level 2.4 Translocations


You had 7 spell levels left.
You didn't know any spells.
Your spell library contained the following spells:

 Spells                   Type           Power      Damage    Failure   Level
 Blink                    Tloc           14%        N/A       61%         2
 Gell's Gravitas          Tloc           7%         N/A       83%         3
 Lesser Beckoning         Tloc           7%         N/A       83%         3
 Teleport Other           Tloc           7%         N/A       83%         3
 Manifold Assault         Tloc           7%         N/A       100%        5

Inventory:

Hand Weapons
 b - a +0 mace of holy wrath
 Y - a +0 hand axe (weapon)
Armour
 f - a +0 scale mail (worn)
Jewellery
 k - a ring of see invisible (left claw)
Scrolls
 h - a scroll of identify
Potions
 a - a potion of curing {unknown}
 m - a potion of cancellation {unknown}
 o - a potion of might
 p - a potion of mutation

Dungeon Overview and Level Annotations

Branches:
Dungeon (2/15)

Altars:

Annotations:
D:2 Natasha


Message History

Natasha closely misses you. x2
You barely miss Natasha.
Natasha is severely wounded.
Natasha barely misses you.
You closely miss Natasha. Your kick misses Natasha.
Natasha is severely wounded.
Natasha barely misses you. Natasha completely misses you.
You closely miss Natasha. Your peck misses Natasha.
Natasha is severely wounded.
The white imp disappears for a moment.
Natasha claws you.
You barely miss Natasha.
Natasha is severely wounded.
Natasha stares at you and mumbles some strange words.
You feel as though you will be slow longer.
Natasha claws you.
You barely miss Natasha. Your kick misses Natasha.
Natasha is severely wounded.
Natasha wildly gestures.
You feel troubled. Natasha claws you but does no damage.
You hit Natasha. Your kick misses Natasha. You peck Natasha.
Natasha is almost dead.
Natasha barely misses you. x2
You hit Natasha but do no damage. Your peck misses Natasha.
Natasha is almost dead.
Natasha claws you but does no damage.
The white imp grinds its teeth.
You hit Natasha but do no damage.
Natasha is almost dead.
The white imp disappears in a puff of smoke!
Natasha casts a spell at you. You resist with some effort.
Natasha barely misses you.
You hit Natasha. You claw Natasha, but do no damage.
Natasha is almost dead.
Natasha claws you.
You barely miss Natasha.
Natasha is almost dead.
Natasha claws you. x2
You die...

.........
##.......##
#.........##
#..........
#
#.........#
#
#.........#
#..
#.........#
....
#...<.<.##
....
##......@#
....
#######h#
.... ....
.... #......
..#!....#
#.# ..?..#
.. ......
#.. #.....


You could see Natasha.

Vanquished Creatures
  Jessica (D:2)
  Natasha (twice) (D:2)
  A dart slug (D:1)
  4 hobgoblins
  A kobold (D:1)
  2 quokkas (D:1)
  A ball python (D:1)
  4 bats
  3 goblins
  2 rats (D:1)
21 creatures vanquished.

Notes
Turn   | Place    | Note
-------+----------+-------------------------------------------
     0 | D:1      | qw the Tengu Warper began the quest for the Orb.
     0 | D:1      | Reached XP level 1. HP: 12/12 MP: 4/4
     0 | D:1      | 0 ||| qw: Version: 0.1-a-89-g26bdef1
     0 | D:1      | 0 ||| qw: Game counter: 2274
     0 | D:1      | 0 ||| qw: Always use a shield: true
     0 | D:1      | 0 ||| qw: God list: Okawaru
     0 | D:1      | 0 ||| qw: Allow faded altars: false
     0 | D:1      | 0 ||| qw: Do Orc after D:15 true
     0 | D:1      | 0 ||| qw: Do second Lair branch before Depths: true
     0 | D:1      | 0 ||| qw: Lair rune preference: random
     0 | D:1      | 0 ||| qw: Plans: Normal
     0 | D:1      | 0 ||| PLANNING D:1-11
    15 | D:1      | 15 ||| Stepping ~*~*~tactically~*~*~ (water).
   315 | D:1      | Reached XP level 2. HP: 17/17 MP: 6/6
   347 | D:1      | Reached skill level 3 in Axes
   371 | D:1      | Found a faded altar of an unknown god.
   430 | D:1      | 430 ||| Stepping ~*~*~tactically~*~*~ (stealth).
   509 | D:1      | 509 ||| UPGRADING to +0 scale mail.
   519 | D:1      | 519 ||| DROPPING +0 leather armour.
   520 | D:1      | 520 ||| DROPPING +0 ring mail of positive energy.
   521 | D:1      | 521 ||| UPGRADING to ring of see invisible.
   522 | D:1      | 522 ||| READING scroll labelled UNEIRPHE QAAFIO.
   523 | D:1      | 523 ||| READING 2 scrolls labelled NESYLOC ZOJUYN.
   524 | D:1      | 524 ||| READING scroll labelled MUZEEMN PEQIR.
   525 | D:1      | 525 ||| READING 2 scrolls labelled ZENALAGUCH.
   526 | D:1      | 526 ||| DRINKING 2 green potions.
   527 | D:1      | 527 ||| DRINKING 2 viscous yellow potions.
   559 | D:1      | 559 ||| DRINKING 2 metallic golden potions.
   559 | D:1      | Gained mutation: You are weak. (Str -2) [potion of
                  | mutation]
   559 | D:1      | Gained mutation: You have hidden genetic potential. [potion
                  | of mutation]
   559 | D:1      | Gained mutation: You expend magic power (3 MP) to
                  | strengthen your wands. [potion of mutation]
   560 | D:1      | 560 ||| DROPPING scroll of blinking.
   561 | D:1      | 561 ||| DROPPING potion of lignification.
   562 | D:1      | 562 ||| DROPPING scroll of fog.
   615 | D:2      | 615 ||| DROPPING +0 club.
   662 | D:2      | Noticed Natasha
   663 | D:2      | 663 ||| Stepping ~*~*~tactically~*~*~ (hiding).
   663 | D:2      | Noticed Jessica
   669 | D:2      | HP: 2/17 [Jessica/nerve-wracking pain (8)]
   670 | D:2      | 670 ||| DRINKING potion of heal wounds.
   671 | D:2      | Killed Natasha
   672 | D:2      | Reached skill level 4 in Axes
   672 | D:2      | Reached XP level 3. HP: 13/21 MP: 7/7
   673 | D:2      | Killed Jessica
   674 | D:2      | Reached XP level 4. HP: 17/26 MP: 8/8
   679 | D:2      | Gained mutation: You have sharp fingernails. [hidden
                  | potential]
   694 | D:2      | Noticed Natasha
   703 | D:2      | HP: 5/26 [Natasha (8)]
   704 | D:2      | Killed Natasha
   705 | D:2      | Reached skill level 5 in Axes
   800 | D:2      | 800 ||| FLEEEEING.
   801 | D:2      | 801 ||| FLEEEEING.
   802 | D:2      | 802 ||| FLEEEEING.
   803 | D:2      | 803 ||| FLEEEEING.
   804 | D:2      | 804 ||| FLEEEEING.
   805 | D:2      | 805 ||| FLEEEEING.
   806 | D:2      | 806 ||| FLEEEEING.
   807 | D:2      | 807 ||| STAIRDANCE
   947 | D:1      | 947 ||| READING scroll labelled BAOHADGH BIELA.
   993 | D:2      | Noticed Natasha
  1003 | D:2      | HP: 4/26 [Natasha (5)]
  1008 | D:2      | HP: 3/26 [Natasha (2)]
  1009 | D:2      | HP: 1/26 [Natasha (2)]
  1009 | D:2      | Slain by Natasha

Levels and vault maps discovered:
D:1:      dpeg_arrival_castle, layout_rooms, chequers_ecumenical_altar_simple
D:2:      layout_rooms, patterned_corridor, uniq_natasha, uniq_jessica

Skill      XL: |  1  2  3  4 |
---------------+-------------+-----
Axes           | 4 5 |  5.2
Fighting       | |  2.0
Throwing       | |  1.0
Armour         | |  1.1
Dodging        | |  2.1
Spellcasting   | |  2.0
Translocations | |  2.4

Action                   |  1- 3 |  4- 6 || total
-------------------------+-------+-------++-------
Melee: Hand axe          |    33 |    23 ||    56
       Kick              |     8 |     6 ||    14
       Peck              |     4 |     4 ||     8
Throw: Boomerang         |    23 |       ||    23
  Use: Scroll            |     4 |     1 ||     5
       Potion            |     4 |       ||     4
Armor: Leather armour    |     5 |       ||     5
       Scale mail        |    14 |     4 ||    18
Dodge: Dodged            |    31 |    13 ||    44

Table legend:
 A = Non-vault XP
 B = Vault XP
 C = Vault XP percentage of total XP
 D = Non-vault monster count
 E = Vault monster count
 F = Vault count percentage of total count
                 A         B        C        D         E       F
            +---------+---------+-------+---------+---------+-------
      Total |      65 |      73 |  52.9 |      19 |       2 |   9.5
            +---------+---------+-------+---------+---------+-------
        D:1 |      23 |       0 |   0.0 |      14 |       0 |   0.0
        D:2 |      42 |      73 |  63.5 |       5 |       2 |  28.6
            +---------+---------+-------+---------+---------+-------
